 Dungeon Crawl Stone Soup version 0.17-b1-15-g0f5fb43 (webtiles) character file.

4360 Archous the Covered (level 10, -2/69 HPs)
             Began as a Demonspawn Gladiator on Nov 3, 2015.
             Was a Follower of Ashenzari.
             Slain by Xandrah's ghost (10 damage)
             ... on level 9 of the Dungeon.
             The game lasted 00:35:49 (8892 turns).

Archous the Covered (Demonspawn Gladiator)          Turns: 8892, Time: 00:35:49

Health: -2/69      AC: 10    Str: 22    XL:     10   Next: 12%
Magic:  10/10      EV: 14    Int: 10    God:    Ashenzari [*.....]
Gold:   289        SH:  0    Dex: 15    Spells: 1 memorised, 3 levels left

rFire  . . .     SeeInvis +     c - +0 whip (flame) (curse)
rCold  . . .     Clarity  .     l - +0 ring mail (curse)
rNeg   . . .     SustAt   .     (no shield)
rPois  .         Gourm    .     (helmet unavailable)
rElec  .         Spirit   .     (no cloak)
rCorr  .         Warding  .     r - +0 pair of gloves (curse)
rMut   .         Stasis   .     s - +1 pair of boots (curse)
MR     .....                    (no amulet)
Stlth  +.........               (no ring)
                                (no ring)

@: mighty, not resistant to hostile enchantments, very unstealthy
A: antennae 3, claws 1, talons 1, frail 1, spiny 3
a: Scrying, Renounce Religion


You were on level 9 of the Dungeon.
You worshipped Ashenzari.
Ashenzari was aware of your devotion.
You were very hungry.

You visited 2 branches of the dungeon, and saw 10 of its levels.

You collected 289 gold pieces.

Inventory:

Hand Weapons
 a - a +0 quarterstaff
 c - a cursed +0 whip of flaming (weapon)
 d - a +0 flail of protection
 K - a +1 glaive of venom
Missiles
 q - 3 javelins of penetration
 u - 3 tomahawks (quivered)
 F - 2 throwing nets
Armour
 b - a +0 leather armour
 l - a cursed +0 ring mail (worn)
 r - a cursed +0 pair of gloves (worn)
 s - a cursed +1 pair of boots (worn)
 x - an ice dragon hide
Jewellery
 k - an uncursed ring of magical power
 o - an uncursed ring of wizardry
 A - an uncursed amulet of resist mutation
 C - an uncursed ring of magical power
Wands
 j - a wand of magic darts (19)
 m - a wand of flame (31)
 t - a wand of slowing (23)
 G - a wand of polymorph (14)
 J - a wand of cold (10)
 M - a wand of fire (7)
 N - a wand of lightning (5)
 P - a wand of enslavement (15)
 Q - a wand of cold (7)
Scrolls
 h - 3 scrolls of blinking
 i - 2 scrolls of teleportation
 v - 2 scrolls of curse weapon
 O - a scroll of remove curse
Potions
 f - 2 potions of brilliance
 n - 2 potions of curing
 w - 2 potions of lignification {unknown}
 B - a potion of flight {unknown}
 D - 2 potions of degeneration {unknown}
 H - a potion of haste {unknown}
 I - a potion of cure mutation {unknown}
 L - a potion of magic {unknown}
 R - a potion of mutation {unknown}
Books
 y - a book of Cantrips

   Spells                             Type                      Level
   a - Corona                         Hexes                        1
   b - Animate Skeleton               Necromancy                   1
   c - Summon Small Mammal            Summoning                    1
   d - Apportation                    Translocation                1
 z - a book of the Sky

   Spells                             Type                      Level
   a - Summon Lightning Spire         Summoning/Air                4
   b - Airstrike                      Air                          4
   c - Silence                        Hexes/Air                    5
   d - Deflect Missiles               Charms/Air                   6
   e - Conjure Ball Lightning         Conjuration/Air              6
   f - Tornado                        Air                          9
 E - a book of Clouds

   Spells                             Type                      Level
   a - Mephitic Cloud                 Conjuration/Poison/Air       3
   b - Conjure Flame                  Conjuration/Fire             3
   c - Poisonous Cloud                Conjuration/Poison/Air       6
   d - Freezing Cloud                 Conjuration/Ice/Air          6
   e - Ring of Flames                 Charms/Fire                  7
Comestibles
 e - 7 bread rations
 g - 3 meat rations


   Skills:
 + Level 6.6 Fighting
 + Level 5.3(6.3) Maces & Flails
 - Level 5.2(6.3) Staves
 - Level 5.1 Throwing
 - Level 7.4 Armour
 - Level 5.0 Dodging


You had 3 spell levels left.
You knew the following spells:

 Your Spells              Type           Power        Failure   Level  Hunger
a - Deflect Missiles      Chrm/Air       #.........   100%        6    #######


Dungeon Overview and Level Annotations

Branches:
Dungeon (9/15)             Temple (1/1) D:6            Lair (0/8) D:8
    Orc: D:9-12

Altars:
Ashenzari
Cheibriados
Dithmenos
Elyvilon
Fedhas
Gozag
Kikubaaqudgha
Makhleb
Nemelex Xobeh
Okawaru
Qazlal
Ru
Sif Muna
Trog
Vehumet
Xom
Yredelemnul
Zin
The Shining One

Shops:
D:7 :

Annotations:
D:5 Cherybdis's ghost, novice FoFi
D:9 Xandrah's ghost, novice GrGl


Innate Abilities, Weirdness & Mutations

You have a pair of large antennae on your head (SInv).
You have sharp fingernails.
You have sharp toenails.
You are completely covered in sharp spines.
You are frail (-10% HP).


Message History

You whack Xandrah's ghost! You burn Xandrah's ghost.
Xandrah's ghost is heavily damaged.
Xandrah's ghost is struck by your spines.
Xandrah's ghost hits you!
You are too injured to fight recklessly!
You closely miss Xandrah's ghost.
Xandrah's ghost is severely damaged.
Xandrah's ghost hits you!
Drink which item? (? for menu, Esc to quit)
Okay, then.
You hit Xandrah's ghost but do no damage.
Xandrah's ghost is severely damaged.
Xandrah's ghost hits you!!
* * * LOW HITPOINT WARNING * * *
You barely miss Xandrah's ghost.
Xandrah's ghost is severely damaged.
You hit Xandrah's ghost but do no damage.
Xandrah's ghost is severely damaged.
Xandrah's ghost hits you!
You die...

.≈≈≈
###+#.≈≈≈
#.....≈≈≈
#.$...≈≈≈
+........
#.....≈≈≈
#.....≈≈≈
#?W...≈≈≈
#@...$≈≈≈
#####....
###


You could see Xandrah's ghost.

Vanquished Creatures
  Pikel (D:5)
  The ghost of Cherybdis the Shield-Bearer, a novice FoFi of Qazlal (D:6)
  Grinder (D:5)
  A hippogriff (D:8)
  Menkaure (D:7)
  A hungry ghost (D:8)
  Edmund (D:5)
  2 ice beasts
  A sky beast (D:7)
  An orc warrior (D:6)
  3 slaves (D:5)
  4 phantoms
  2 centaurs (D:7)
  4 ogres
  A gnoll sergeant (D:5)
  Blork the orc (D:6)
  A big kobold (D:7)
  4 giant frogs
  3 scorpions
  A killer bee (D:5)
  3 crimson imps
  A centaur zombie (D:7)
  3 hounds
  4 orc priests
  A giant frog skeleton (D:8)
  4 orc wizards
  3 jellies
  2 iguanas (D:5)
  7 worker ants
  14 adders
  6 gnolls
  A shadow imp (D:5)
  An ooze (D:2)
  2 adder skeletons
  3 worms
  A giant gecko (D:1)
  12 orcs
  6 bats
  2 gnoll zombies (D:7)
  10 goblins
  3 hobgoblins
  3 jackals (D:7)
  10 kobolds
  2 quokkas
  3 ball pythons
  4 giant cockroaches
  A giant gecko skeleton (D:4)
  A giant gecko zombie (D:5)
  6 giant newts
  4 rats (D:2)
158 creatures vanquished.

Vanquished Creatures (others)
  A slave (D:5)
  A gnoll (D:5)
  A ball python (D:5)
3 creatures vanquished.

Grand Total: 161 creatures vanquished

Notes
Turn   | Place    | Note
--------------------------------------------------------------
     0 | D:1      | Archous the Demonspawn Gladiator began the quest for the Orb.
     0 | D:1      | Reached XP level 1. HP: 16/16 MP: 1/1
   571 | D:1      | Gained mutation: You have a pair of small antennae on your head. [demonic ancestry]
   571 | D:1      | Reached XP level 2. HP: 23/23 MP: 2/2
   638 | D:1      | Reached skill level 3 in Staves
  1394 | D:2      | Gained mutation: You have a pair of antennae on your head. [demonic ancestry]
  1394 | D:2      | Reached XP level 3. HP: 24/28 MP: 3/3
  1752 | D:2      | Gained mutation: You are partially covered in sharp spines. [demonic ancestry]
  1752 | D:2      | Reached XP level 4. HP: 33/35 MP: 4/4
  1985 | D:2      | Found a bloodstained altar of Trog.
  2550 | D:3      | Found a sparkling altar of Nemelex Xobeh.
  2634 | D:3      | Reached XP level 5. HP: 23/41 MP: 5/5
  3003 | D:4      | Noticed a phantom
  3047 | D:4      | Killed a phantom
  3047 | D:4      | Reached skill level 4 in Fighting
  3276 | D:4      | Gained mutation: You have sharp fingernails. [demonic ancestry]
  3276 | D:4      | Reached XP level 6. HP: 47/49 MP: 6/6
  3868 | D:5      | Entered Level 5 of the Dungeon
  3903 | D:5      | Noticed Pikel
  3904 | D:5      | Noticed Cherybdis's ghost (novice FoFi)
  4569 | D:5      | Noticed Edmund
  4609 | D:5      | Killed Edmund
  4609 | D:5      | Reached skill level 5 in Fighting
  4609 | D:5      | Reached skill level 5 in Staves
  4793 | D:5      | Noticed Grinder
  4807 | D:5      | Paralysed by Grinder for 5 turns
  4818 | D:5      | Paralysed by Grinder for 2 turns
  4820 | D:5      | Killed Grinder
  4820 | D:5      | Gained mutation: You are mostly covered in sharp spines. [demonic ancestry]
  4820 | D:5      | Reached XP level 7. HP: 18/56 MP: 7/7
  4973 | D:5      | Killed Pikel
  4973 | D:5      | Reached skill level 5 in Armour
  4973 | D:5      | Gained mutation: You have sharp toenails. [demonic ancestry]
  4973 | D:5      | Reached XP level 8. HP: 26/62 MP: 8/8
  5102 | D:5      | Reached skill level 6 in Armour
  5277 | D:5      | Reached skill level 7 in Armour
  5659 | D:5      | Found a radiant altar of Vehumet.
  5740 | D:6      | Found a snail-covered altar of Cheibriados.
  5836 | D:6      | Noticed Blork the orc
  5853 | D:6      | Gained mutation: You are completely covered in sharp spines. [demonic ancestry]
  5853 | D:6      | Reached XP level 9. HP: 53/68 MP: 9/9
  5860 | D:6      | Killed Blork the orc
  5860 | D:6      | Reached skill level 1 in Maces & Flails
  6035 | D:6      | Found a staircase to the Ecumenical Temple.
  6221 | D:6      | Noticed Cherybdis's ghost (novice FoFi)
  6235 | D:6      | Killed Cherybdis's ghost
  6304 | D:6      | Reached skill level 5 in Dodging
  6530 | Temple   | Entered the Ecumenical Temple
  6722 | Temple   | Became a worshipper of Ashenzari the Shackled
  6731 | Temple   | Learned a level 6 spell: Deflect Missiles
  7042 | D:7      | Reached skill level 5 in Throwing
  7321 | D:7      | Noticed Menkaure
  7337 | D:7      | Killed Menkaure
  7495 | D:7      | Found a basalt altar of Yredelemnul.
  7512 | D:7      | Found a deep blue altar of Sif Muna.
  7513 | D:7      | Found an iron altar of Okawaru.
  7545 | D:7      | Gained mutation: You are frail (-10% HP). [mutagenic meat]
  7546 | D:7      | Gained mutation: You have a pair of large antennae on your head (SInv). [mutagenic meat]
  7662 | D:7      | Found Dacod's Book Shop.
  7825 | D:8      | Found a snail-covered altar of Cheibriados.
  8014 | D:8      | Reached XP level 10. HP: 64/68 MP: 10/10
  8037 | D:8      | Reached skill level 5 in Maces & Flails
  8080 | D:8      | Found a white marble altar of Elyvilon.
  8081 | D:8      | Reached * piety under Ashenzari
  8127 | D:8      | Found a staircase to the Lair.
  8648 | D:9      | Noticed Xandrah's ghost (novice GrGl)
  8892 | D:9      | Slain by Xandrah's ghost

Action                   |  1- 3 |  4- 6 |  7- 9 | 10-12 || total
-------------------------+-------+-------+-------+-------++-------
Melee: Quarterstaff      |    91 |   126 |    80 |       ||   297
       Whip              |       |       |   120 |    55 ||   175
Throw: Throwing net      |     5 |    10 |     2 |       ||    17
       Javelin           |       |     8 |    15 |       ||    23
       Tomahawk          |       |     4 |     3 |     6 ||    13
Evoke: Wand              |       |     1 |     2 |       ||     3
  Use: Potion            |     1 |       |       |     1 ||     2
       Scroll            |       |     6 |     9 |     1 ||    16
 Stab: Held in net/web   |     1 |     3 |       |       ||     4
  Eat: Chunk             |     3 |     3 |     4 |     3 ||    13
       Beef jerky        |       |     1 |       |       ||     1
       Bread ration      |       |     1 |       |       ||     1
       Pizza             |       |     1 |       |       ||     1
       Royal jelly       |       |       |     1 |       ||     1
       Meat ration       |       |       |     1 |       ||     1
